 Dungeon Crawl Stone Soup version 0.16.1-2-g95b8d4c (webtiles) character file.

114 Siriah the Ruffian (level 4, 0/36 HPs)
             Began as a Draconian Transmuter on Mar 25, 2015.
             Was a Follower of Cheibriados.
             Slain by a goblin (4 damage)
             ... on level 3 of the Dungeon.
             The game lasted 00:06:16 (1412 turns).

Siriah the Ruffian (Draconian Transmuter)           Turns: 1412, Time: 00:06:16

Health: 0/36       AC:  6    Str: 16    XL:     4   Next: 67%
Magic:  8/8        EV: 13    Int: 16    God:    Cheibriados [*.....]
Gold:   103        SH:  0    Dex: 15    Spells: 3 memorised, 2 levels left

rFire  . . .     SeeInvis .       - Unarmed
rCold  . . .     Clarity  .     (armour unavailable)
rNeg   . . .     SustAb   .     (no shield)
rPois  .         Gourm    .     (helmet restricted)
rElec  .         Spirit   .     (no cloak)
rCorr  .         Warding  .     (no gloves)
rMut   .         Stasis   .     o - +0 pair of boots (curse)
MR     .....                    j - amulet of faith
Stlth  +.........               (no ring)
                                (no ring)

@: appendage (expiring), very slow, not resistant to hostile enchantments, very
unstealthy
A: unfitting armour, horns 2, cold-blooded, AC +5
a: End Transformation, Bend Time, Renounce Religion


You were on level 3 of the Dungeon.
You worshipped Cheibriados.
Cheibriados was aware of your devotion.
You were not hungry.
You had grown temporary horns.
You visited 1 branch of the dungeon, and saw 3 of its levels.

You collected 103 gold pieces.

Inventory:

Missiles
 b - 30 arrows
Armour
 o - a cursed +0 pair of boots (worn)
Jewellery
 j - an amulet of faith (around neck)
Scrolls
 e - a scroll of remove curse {unknown}
 i - 2 scrolls of teleportation {unknown}
 k - a scroll of identify {unknown}
 n - a scroll of amnesia {unknown}
 p - a scroll of enchant armour {unknown}
 q - a scroll of fog {unknown}
Potions
 c - a potion of heal wounds {unknown}
 h - a potion of curing {unknown}
 l - a potion of restore abilities {unknown}
 r - a potion of poison {unknown}
Books
 d - a book of Changes

   Spells                             Type                      Level
   a - Beastly Appendage              Transmutation                1
   b - Sticks to Snakes               Transmutation                2
   c - Spider Form                    Transmutation/Poison         3
   d - Ice Form                       Ice/Transmutation            4
   e - Blade Hands                    Transmutation                5
Comestibles
 a - a bread ration
 f - 3 meat rations
 g - a beef jerky


   Skills:
 + Level 2.1 Fighting
 + Level 2.5 Dodging
 + Level 0.4 Stealth
 + Level 3.7 Unarmed Combat
 + Level 2.6 Spellcasting
 + Level 2.6 Transmutations


You had 2 spell levels left.
You knew the following spells:

 Your Spells              Type           Power        Failure   Level  Hunger
a - Beastly Appendage     Trmt           ##....       10%         1    #......
b - Sticks to Snakes      Trmt           ##........   12%         2    ##.....
c - Spider Form           Trmt/Pois      #.........   34%         3    ###....


Dungeon Overview and Level Annotations

Branches:
Dungeon (3/15)

Altars:
Cheibriados
Makhleb
Okawaru
Zin


Innate Abilities, Weirdness & Mutations

Your plain brown scales are hard (AC +5).
Your body does not fit into most forms of armour.
Your cold-blooded metabolism reacts poorly to cold.
You have a pair of horns on your head.


Message History

The giant frog hits you but does no damage.
The giant frog closely misses you.
You hit the giant frog.
The giant frog is almost dead.
The giant frog closely misses you.
You barely miss the giant frog. Your headbutt misses the giant frog.
The giant frog is almost dead.
The giant frog hits you.
* * * LOW HITPOINT WARNING * * *
The giant frog hits you but does no damage.
You hit the giant frog.
You kill the giant frog!
Cheibriados thoroughly appreciates the change of pace.
Your Fighting skill increases to level 2!
You have reached level 4!
You feel stronger.
You closely miss the goblin.
Your transformation is almost over.
The goblin hits you.
You die...

#.########
#........#
########.# #.# #.#
. #.# ... #.#
.[....##########.#
.......g@........#
......############
.##


You could see a goblin.

Vanquished Creatures
  A giant frog (D:3)
  An adder (D:2)
  A giant mite (D:2)
  An ooze (D:2)
  6 bats
  2 goblins (D:2)
  4 hobgoblins
  8 kobolds
  A quokka (D:2)
  A giant gecko (D:1)
  A giant newt (D:1)
  3 rats (D:2)
30 creatures vanquished.

Notes
Turn   | Place    | Note
--------------------------------------------------------------
     0 | D:1      | Siriah, the Draconian Transmuter, began the quest for the Orb.
     0 | D:1      | Reached XP level 1. HP: 16/16 MP: 3/3
   293 | D:1      | Found a snail-covered altar of Cheibriados.
   302 | D:1      | Became a worshipper of Cheibriados the Contemplative
   353 | D:1      | Reached XP level 2. HP: 21/23 MP: 2/4
   828 | D:2      | Acquired Cheibriados' first power
   828 | D:2      | Reached XP level 3. HP: 26/28 MP: 4/6
  1092 | D:2      | Found a glowing silver altar of Zin.
  1092 | D:2      | Found a burning altar of Makhleb.
  1093 | D:2      | Noticed a blizzard demon
  1093 | D:2      | Noticed an angel
  1190 | D:2      | Found an iron altar of Okawaru.
  1227 | D:2      | Learned a level 2 spell: Sticks to Snakes
  1231 | D:2      | Learned a level 3 spell: Spider Form
  1398 | D:3      | Noticed a giant frog
  1411 | D:3      | Killed a giant frog
  1411 | D:3      | Reached XP level 4. HP: 4/36 MP: 8/8
  1412 | D:3      | Slain by a goblin

Action                   |  1- 3 |  4- 6 || total
-------------------------+-------+-------++-------
Melee: Unarmed           |   131 |     1 ||   132
 Cast: Beastly Appendage |    24 |       ||    24
  Eat: Chunk             |     2 |       ||     2
